 Dungeon Crawl Stone Soup version 0.28-a0-175-gb2089b6bb7 (webtiles) character file.

Game seed: 326152222318878841

112 Gunterle the Charlatan (level 4, -1/36 HPs)
             Began as a Demigod Artificer on Aug 17, 2021.
             Slain by a river rat (8 damage)
             ... in a sewer.
             The game lasted 00:11:32 (3270 turns).

Gunterle the Charlatan (Demigod Artificer)          Turns: 3270, Time: 00:11:32

Health: -1/36      AC:  4    Str: 13    XL:     4   Next: 37%
Magic:  6/6        EV: 11    Int: 17    God:
Gold:   76         SH:  0    Dex: 14    Spells: 3/3 levels left

rFire   . . .      SeeInvis .   i - +0 whip
rCold   . . .      Faith    .   (no shield)
rNeg    . . .      Spirit   .   b - +0 leather armour
rPois   .          Reflect  .   (no helmet)
rElec   .          Harm     .   (no cloak)
rCorr   .          Rampage  .   l - +0 pair of gloves
Will    .....                   (no boots)
Stlth   +.........              (no amulet)
HPRegen 0.12/turn               (no ring)
MPRegen 0.10/turn               (no ring)

@: no status effects
A: high mp 1, forlorn
a: no special abilities


You were in a sewer.
You visited 1 branch of the dungeon, and saw 3 of its levels.
You also visited: Sewer.

You collected 76 gold pieces.

Inventory:

Hand Weapons
 a - a +0 mace
 i - a +0 whip (weapon)
 o - a +0 scimitar of flaming
Armour
 b - a +0 leather armour (worn)
 h - a +0 kite shield
 j - a +0 ring mail
 l - a +0 pair of gloves (worn)
Wands
 c - a wand of flame (8) (quivered)
 d - a wand of charming (8)
Scrolls
 f - a scroll of vulnerability
 n - a scroll of amnesia
Potions
 p - a potion of flight
Miscellaneous
 e - a piece from Xom's chessboard (15/15)


   Skills:
 + Level 1.9 Fighting
 * Level 2.5 Maces & Flails
 + Level 2.2 Armour
 - Level 0.8 Dodging
 - Level 0.8 Stealth
 + Level 3.2 Evocations


You had 3 spell levels left.
You didn't know any spells.
Your spell library contained the following spells:

 Spells                   Type           Power      Damage    Failure   Level
 Corpse Rot               Necr/Air       N/A        N/A       41%         2
 Poisonous Vapours        Pois/Air       0%         N/A       41%         2
 Freezing Cloud           Conj/Ice/Air   0%         6-21      100%        5


Dungeon Overview and Level Annotations

Branches:
Dungeon (3/15)              Sewer (1/1)


Innate Abilities, Weirdness & Mutations

Your attributes grow dramatically as you level up.
You have an increased reservoir of magic. (+10% MP)
You shall have no god before yourself.


Message History

You are too injured to fight recklessly!
You are too injured to fight recklessly!
You are too injured to fight recklessly!
You are too injured to fight recklessly!
You are too injured to fight recklessly!
You are too injured to fight recklessly!
Unknown command.
Aiming: Charm
Press: ? - help, Shift-Dir - straight line, f - river rat
Aim: a river rat (lightly wounded, chance to affect: 64%)
The river rat is charmed.
The rat splashes around in the water.
The river rat barely misses your river rat.
Unknown command.
You closely miss the rat. The rat bites your river rat.
The river rat bites your river rat.
Your river rat bites the rat.
You hit the rat.
You kill the rat!
The river rat bites you.
* * * LOW HITPOINT WARNING * * *
Your river rat bites the river rat.
Unknown command.
You hit the river rat.
The river rat is heavily wounded.
The river rat bites you but does no damage.
The river rat misses you.
Your river rat bites the river rat!
The river rat dies!
Unknown command.
You hit the river rat.
The river rat is moderately wounded.
The river rat barely misses you.
Your river rat closely misses the river rat.
You closely miss the river rat.
The river rat is moderately wounded.
The river rat bites you.
* * * LOW HITPOINT WARNING * * *
Your river rat misses the river rat.
You hit the river rat but do no damage.
The river rat is moderately wounded.
The river rat bites you!
You die...

###################
###.#≈≈≈≈≈≈@r≈≈≈≈≈≈r#..
##...≈≈≈#≈≈≈r≈≈≈≈≈≈≈r...
#....≈≈≈≈#≈≈≈≈≈#≈≈≈≈≈...
#.....≈≈≈≈≈≈≈≈≈≈≈≈≈≈≈...
##....≈≈≈≈≈≈≈≈≈≈≈≈≈≈≈≈...
#.....#≈≈≈≈≈≈≈≈≈≈≈≈≈≈≈#.#
#....################## #
##...## #...##


You could see a river rat (ally target) and a friendly river rat (charmed).

Vanquished Creatures
  3 adders
  2 river rats (Sewer)
  6 bats
  8 endoplasms
  A giant cockroach (D:2)
  A goblin (D:2)
  5 hobgoblins
  4 jackals (D:2)
  7 ball pythons
  6 kobolds
  11 rats
54 creatures vanquished.

Vanquished Creatures (collateral kills)
  A river rat (Sewer)
  2 giant cockroaches (D:3)
3 creatures vanquished.

Vanquished Creatures (others)
  An adder (D:3)
  An endoplasm (D:2)
2 creatures vanquished.

Grand Total: 59 creatures vanquished

Notes
Turn   | Place    | Note
-------+----------+-------------------------------------------
     0 | D:1      | Gunterle the Demigod Artificer began the quest for the Orb.
     0 | D:1      | Reached XP level 1. HP: 15/15 MP: 3/3
    84 | D:1      | Reached skill level 1 in Fighting
   202 | D:1      | Reached skill level 1 in Maces & Flails
   352 | D:1      | Reached XP level 2. HP: 5/23 MP: 4/4
  1293 | D:2      | Reached skill level 3 in Evocations
  1370 | D:2      | Reached XP level 3. HP: 27/28 MP: 5/5
  2653 | D:3      | Found a glowing drain.
  2694 | Sewer    | Entered a sewer
  2998 | Sewer    | Reached XP level 4. HP: 36/36 MP: 6/6
  3270 | Sewer    | Slain by a river rat

Illustrated notes

Levels and vault maps discovered:
D:1:      roderic_chinese_lattice_arrival, layout_rooms,
          ebering_ecumenical_altar_abandoned
D:2:      layout_rooms
D:3:      layout_rooms, elyvilon_altar_3, gup_sewer_entry_glass,
          wad_floor_pattern_2, eino_curves_03, minivault_27
Sewer:    sewer_minmay_w

Skill      XL: |  1  2  3 |
---------------+----------+-----
Fighting       | 1 |  1.9
Maces & Flails | 1 2 |  2.5
Evocations     | 3 |  3.2
Armour         | 2 |  2.2
Dodging        | |  0.8
Stealth        | |  0.8

Action                   |  1- 3 |  4- 6 || total
-------------------------+-------+-------++-------
Melee: Club              |    22 |       ||    22
       Mace              |     7 |       ||     7
       Whip              |   168 |    29 ||   197
Evoke: Wand              |    11 |     3 ||    14
  Use: Scroll            |     6 |       ||     6
       Potion            |     2 |       ||     2
 Stab: Sleeping          |     2 |       ||     2
Armor: Leather armour    |   106 |     7 ||   113
Dodge: Dodged            |   199 |    15 ||   214

Table legend: (Time is in decaauts)
 A = Elapsed time spent in this place.
 B = Non-inter-level travel time spent in this place.
 C = Inter-level travel time spent in this place.
 D = Time resting spent in this place.
 E = Time spent auto-exploring this place.
 F = Levels seen in this place.
 G = Mean time per level.
                   A        B        C        D        E       F      G
               +--------+--------+--------+--------+--------+-----+--------+
         Total |   3311 |   3164 |    147 |   1291 |   1060 |   4 |  827.8 |
       Dungeon |   2709 |   2562 |    147 |    842 |   1060 |   3 |  903.0 |
         Sewer |    601 |    601 |      0 |    449 |      0 |   1 |  601.0 |
               +--------+--------+--------+--------+--------+-----+--------+

Top non-repeatable levels by time:
     D:2: 1369 daAuts
     D:1: 1093 daAuts
   Sewer: 601 daAuts
     D:3: 246 daAuts
